 Dungeon Crawl Stone Soup version 0.30.0-19-g36f170ea60 (webtiles) character file.

Game seed: 8375776267712946126

158 Graphine the Ducker (level 5, -12/43 HPs)
             Began as a Merfolk Monk on May 29, 2023.
             Killed by divine providence
             ... invoked by an orc priest
              (17 damage)
             ... on level 3 of the Dungeon.
             The game lasted 00:04:44 (2532 turns).

Graphine the Ducker (Merfolk Monk)                  Turns: 2532, Time: 00:04:45

Health: -12/43     AC:  3    Str: 11    XL:     5   Next: 40%
Magic:  5/5        EV: 15    Int: 10    God:
Gold:   118        SH:  0    Dex: 18    Spells: 4/4 levels left

rFire   . . .        a - +1 falchion
rCold   . . .        d - orb {light}
rNeg    . . .        b - +0 robe
rPois   .            (no helmet)
rElec   .            j - +0 cloak
rCorr   .            (no gloves)
SInv    .            (no boots)
Will    .....        (no amulet)
Stlth   +            (no ring)
HPRegen 0.27/turn    (no ring)
MPRegen 0.09/turn

%: no passive effects
@: glowing
A: (nimble swimmer 2), mertail
a: no special abilities


You were on level 3 of the Dungeon.
You visited 1 branch of the dungeon, and saw 3 of its levels.

You collected 118 gold pieces.

Inventory:

Hand Weapons
 a - a +1 falchion (weapon)
 f - a +0 vampiric short sword
Armour
 b - a +0 robe (worn)
 d - an orb of light (worn)
 j - a +0 cloak (worn)
Scrolls
 k - 3 scrolls of teleportation
 m - a scroll of enchant weapon
Potions
 c - a potion of ambrosia
 e - a potion of haste
 g - a potion of might {unknown}
 i - a potion of brilliance {unknown}
 l - a potion of attraction {unknown}


   Skills:
 * Level 4.5 Fighting
 * Level 5.0 Long Blades
 * Level 5.6 Dodging


You had 4 spell levels left.
You didn't know any spells.
Your spell library contained the following spells:

 Spells                   Type           Power      Damage    Failure   Level
 Freeze                   Ice            0%         1d3       36%         1
 Frozen Ramparts          Ice            0%         1d1       75%         3
 Hailstorm                Conj/Ice       0%         3d3       75%         3
 Vhi's Electric Charge    Tloc/Air       0%         N/A       75%         3
 Arcjolt                  Conj/Air       0%         1d10      100%        5
 Plasma Beam              Fire/Air       0%         2x1d11    100%        6


Dungeon Overview and Level Annotations

Branches:
Dungeon (3/15)

Altars:
Qazlal
Xom

Shops:
D:2 (


Innate Abilities, Weirdness & Mutations

((You are very nimble when in or above water. (Stealth+, EV+, Speed+++)))
Your lower body shifts to a powerful aquatic tail in water.


Message History

The orc priest calls down the wrath of Beogh upon you.
You barely resist. You hit the orc priest.
The orc priest is moderately wounded.
The orc completely misses you.
The orc priest hits you with a +0 flail!
You are too injured to fight recklessly!
You are too injured to fight recklessly!
Hit: a) +1 falchion
Press: ? - help, Dir - move target, f - orc priest
Aim: an orc priest, wielding a +0 flail (moderately wounded, haloed, about 18% to evade your +1 falchion)
You barely miss the orc priest.
The orc priest is moderately wounded.
The orc completely misses you.
The orc priest casts a cantrip, but nothing happens.
Hit: a) +1 falchion
Press: ? - help, Dir - move target, f/p - orc priest
Aim: an orc priest, wielding a +0 flail (moderately wounded, haloed, about 18% to evade your +1 falchion)
You hit the orc priest.
The orc priest is severely wounded.
The orc hits you but does no damage.
The orc priest hits you but does no damage.
Hit: a) +1 falchion
Press: ? - help, Dir - move target, f/p - orc priest
Aim: an orc priest, wielding a +0 flail (severely wounded, haloed, about 18% to evade your +1 falchion)
You hit the orc priest.
The orc priest is almost dead.
The orc closely misses you.
The orc priest hits you with a +0 flail!
* * * LOW HITPOINT WARNING * * *
Hit: a) +1 falchion
Press: ? - help, Dir - move target, f/p - orc priest
Aim: an orc priest, wielding a +0 flail (almost dead, haloed, about 18% to evade your +1 falchion)
You hit the orc priest.
The orc priest is almost dead.
The orc hits you with a +0 hand axe.
* * * LOW HITPOINT WARNING * * *
The orc priest mumbles some strange prayers to Beogh against you.
Beogh smites you!
You die...

.#..# .#.. ... #..
#..## #..J# #.oo#
#o######
#######@o....#
..........##.# ...
..........##.#
...##
..........##.######
....#
..........##......#
....#
........#..#......#
....#
....######.#......#
....# ###....#
####.....#
....##### # ..##
##.....#


You could see an orc priest, 3 orcs and an endoplasm.

Vanquished Creatures
  A gnoll (D:1)
  7 adders (D:2)
  An ufetubus (D:3)
  A worm (D:2)
  2 dart slugs
  7 bats
  10 endoplasms
  A giant cockroach (D:1)
  9 goblins
  5 hobgoblins
  8 kobolds
  4 quokkas
  3 ball pythons (D:2)
  6 frilled lizards
  9 rats
74 creatures vanquished.

Notes
Turn   | Place    | Note
-------+----------+-------------------------------------------
     0 | D:1      | Graphine the Merfolk Monk began the quest for the Orb.
     0 | D:1      | Reached XP level 1. HP: 18/18 MP: 1/1
   202 | D:1      | Reached XP level 2. HP: 22/24 MP: 2/2
   557 | D:1      | Reached XP level 3. HP: 27/30 MP: 3/3
  1267 | D:2      | Reached XP level 4. HP: 26/37 MP: 4/4
  1367 | D:2      | Reached skill level 5 in Dodging
  1525 | D:2      | Reached XP level 5. HP: 41/43 MP: 5/5
  1812 | D:2      | Found a shimmering altar of Xom.
  1861 | D:2      | Found Asapp's Antique Weapon Shoppe.
  1957 | D:2      | Reached skill level 5 in Long Blades
  2360 | D:3      | Found a stormy altar of Qazlal.
  2532 | D:3      | Killed from afar by an orc priest

Illustrated notes

Levels and vault maps discovered:
D:1:      lemuel_arrival_lava_pool, layout_basic, nrook_uturn,
          minmay_misc_feat_more_columns
D:2:      layout_basic, basic_altar, serial_shops, shop, st_stairs_6,
          minmay_mini_jars
D:3:      layout_rooms, nicolae_qazlal_general_emergency

Skill      XL: |  1  2  3  4  5 |
---------------+----------------+-----
Long Blades    | 4 5 |  5.0
Fighting       | 4 |  4.5
Dodging        | 5 |  5.6

Action                     |  1- 3 |  4- 6 || total
---------------------------+-------+-------++-------
  Melee: Falchion          |    43 |   129 ||   172
         Short sword       |    51 |       ||    51
    Use: Scroll            |     3 |     2 ||     5
   Stab: Sleeping          |     1 |       ||     1
 Armour: Robe              |    10 |    29 ||    39
  Dodge: Dodged            |    48 |   129 ||   177
